 Dungeon Crawl Stone Soup version 0.31-a0-1165-g196b491b36 (webtiles) character file.

Game seed: 10292930490016344002

210 DApurpleWHUMPUS the Ogre Mage (level 5, -2/55 HPs)
             Began as an Ogre Fire Elementalist on Dec 9, 2023.
             Slain by Grinder (9 damage)
             ... on level 3 of the Dungeon.
             The game lasted 00:03:17 (2276 turns).

DApurpleWHUMPUS the Ogre Mage (OgFE)                Turns: 2276, Time: 00:03:18

Health: -2/55      AC:  3    Str: 12    XL:     5   Next: 87%
Magic:  10/12      EV: 10    Int: 16    God:
Gold:   99         SH:  0    Dex: 11    Spells: 12/13 levels left

rFire   . . .        j - +1 dagger (vamp)
rCold   . . .        (no shield)
rNeg    . . .        a - +0 robe
rPois   .            (helmet restricted)
rElec   .            (no cloak)
rCorr   .            (gloves unavailable)
SInv    .            (boots unavailable)
Will    .....        (no amulet)
Stlth   ++           (no ring)
HPRegen 0.29/turn    (no ring)
MPRegen 0.13/turn

%: no passive effects
@: mighty
A: large, unfitting armour, tough skin 1
a: no special abilities


You were on level 3 of the Dungeon.
You visited 1 branch of the dungeon, and saw 3 of its levels.

You collected 99 gold pieces.

Inventory:

Hand Weapons
 j - a +1 vampiric dagger (weapon)
Armour
 a - a +0 robe (worn)
Scrolls
 f - a scroll of silence {unknown}
 g - a scroll of poison {unknown}
 h - 2 scrolls of enchant weapon {unknown}
Potions
 b - a potion of magic
 c - 2 potions of heal wounds
 e - a potion of attraction {unknown}
 i - a potion of haste {unknown}


   Skills:
 + Level 4.9 Fighting
 - Level 1.7 Dodging
 - Level 1.4 Stealth
 + Level 4.9 Spellcasting
 - Level 0.8 Conjurations
 - Level 2.6 Fire Magic


You had 12 spell levels left.
You knew the following spells:

 Your Spells              Type           Power      Damage    Failure   Level
a - Foxfire               Conj/Fire      36%        2x1d5     8%          1

Your spell library contained the following spells:

 Spells                   Type           Power      Damage    Failure   Level
 Scorch                   Fire           24%        2d6       8%          2
 Inner Flame              Hex/Fire       8%         N/A       26%         3
 Volatile Blastmotes      Fire/Tloc      16%        2d11      26%         3
 Flame Wave               Conj/Fire      9%         2d6       58%         4


Dungeon Overview and Level Annotations

Branches:
Dungeon (3/15)

Altars:

Shops:
D:1 [

Annotations:
D:3 Grinder


Innate Abilities, Weirdness & Mutations

You are too large for most types of armour.
You have tough skin. (AC +1)


Message History

You are very lightly contaminated with residual magic.
Nothing appears to happen.
The foxfire hits Grinder.
Grinder is lightly wounded.
There is not enough space to conjure foxfire!
You hit Grinder but do no damage.
Grinder is lightly wounded.
The quokka bites you but does no damage.
Grinder hits you.
You writhe in agony.
You hit Grinder.
Grinder is lightly wounded.
The quokka bites you but does no damage.
The quokka barely misses you. Grinder hits you!
You writhe in agony.
There is not enough space to conjure foxfire!
It was a potion of heal wounds.
You feel much better.
The quokka bites you but does no damage.
Grinder hits you!
You writhe in agony.
It was a potion of might.
You feel very mighty all of a sudden. The quokka bites you. Grinder hits you.
You writhe in agony.
You hit Grinder.
Grinder is moderately wounded.
The quokka closely misses you. Grinder hits you but does no damage.
You hit Grinder.
Grinder is moderately wounded.
The quokka bites you. Grinder hits you.
Your magical contamination has completely faded away.
You puncture Grinder!
Grinder is heavily wounded.
The quokka bites you but does no damage.
Grinder hits you!
You writhe in agony.
The quokka bites you but does no damage.
You puncture Grinder!
Grinder is severely wounded.
The quokka bites you.
Grinder zaps a wand.
The puff of flame hits you!
* * * LOW HITPOINT WARNING * * *
You barely miss Grinder.
Grinder is severely wounded.
The quokka barely misses you. Grinder hits you!
You die...
Grinder says, "Hey, I wasn't done torturing you yet!"

## #. ## ## #. ###.
..# ######r##.#. #.#
......5@..#.## #.#
.####.###.#..# #.#
.. #.##.# #.#
##[.###.##.###.####
.................>#
###.###....###.##.##
#######......#
###......#
#...##...#


You could see Grinder and a quokka.

Vanquished Creatures
  Sigmund (D:2)
  5 dart slugs
  2 ball pythons
  3 endoplasms
  2 giant cockroaches (D:2)
  3 goblins
  3 hobgoblins
  4 jackals (D:1)
  A kobold (D:2)
  A quokka (D:2)
  A bat (D:2)
  4 rats
30 creatures vanquished.

Vanquished Creatures (others)
  93 foxfires
93 creatures vanquished.

Grand Total: 123 creatures vanquished

Notes
Turn   | Place    | Note
-------+----------+-------------------------------------------
     0 | D:1      | DApurpleWHUMPUS the Ogre Fire Elementalist began the quest
                  | for the Orb.
     0 | D:1      | Reached XP level 1. HP: 16/16 MP: 3/3
   265 | D:1      | Reached skill level 1 in Fighting
   362 | D:1      | Reached XP level 2. HP: 26/27 MP: 1/5
   516 | D:1      | Found Boutaqan's Antique Armour Emporium.
  1105 | D:2      | Reached XP level 3. HP: 35/35 MP: 5/7
  1592 | D:2      | Noticed Sigmund
  1640 | D:2      | Killed Sigmund
  1641 | D:2      | Reached XP level 4. HP: 30/49 MP: 2/10
  1641 | D:2      | Reached XP level 5. HP: 34/55 MP: 2/12
  2264 | D:3      | Noticed Grinder
  2276 | D:3      | Slain by Grinder

Illustrated notes

Levels and vault maps discovered:
D:1:      nzn_arrival_depleted_hourglass, layout_loops_ring, serial_shops, shop
D:2:      wander_river, layout_loops_ring, uniq_sigmund
D:3:      layout_basic, nicolae_vehumet_radiance, grunt_dithmenos_smoke,
          uniq_natasha, uniq_crazy_yiuf_cottage, uniq_grinder

Skill      XL: |  1  2  3 |
---------------+----------+-----
Fighting       | 1 2 4 |  4.9
Spellcasting   | 3 4 |  4.9
Dodging        | |  1.7
Stealth        | |  1.4
Conjurations   | |  0.8
Fire Magic     | |  2.6

Action                     |  1- 3 |  4- 6 || total
---------------------------+-------+-------++-------
  Melee: Unarmed           |    22 |       ||    22
         Punch             |     1 |       ||     1
         Dagger            |    40 |    10 ||    50
   Cast: Foxfire           |    58 |     8 ||    66
    Use: Potion            |       |     2 ||     2
   Stab: Sleeping          |     1 |       ||     1
 Armour: Robe              |    51 |    19 ||    70
  Dodge: Dodged            |    34 |     3 ||    37

Table legend: (Time is in decaauts)
 A = Elapsed time spent in this place.
 B = Non-inter-level travel time spent in this place.
 C = Inter-level travel time spent in this place.
 D = Time resting spent in this place.
 E = Time spent auto-exploring this place.
 F = Levels seen in this place.
 G = Mean time per level.
                   A        B        C        D        E       F      G
               +--------+--------+--------+--------+--------+-----+--------+
         Total |   2275 |   2119 |    156 |    210 |   1612 |   3 |  758.3 |
       Dungeon |   2275 |   2119 |    156 |    210 |   1612 |   3 |  758.3 |
               +--------+--------+--------+--------+--------+-----+--------+

Top non-repeatable levels by time:
     D:2: 1164 daAuts
     D:1: 1009 daAuts
     D:3: 101 daAuts
